 Dungeon Crawl Stone Soup version 0.32-a0-913-g739538afd8 (webtiles) character file.

Game seed: 10069582358777731254

431372 Behavioral the Slayer (level 25, 216/216 HPs)
             Began as a Formicid Hexslinger on Feb 2, 2024.
             Was the Champion of Okawaru.
             Quit the game on level 3 of the Depths on Apr 8, 2024.
             The game lasted 02:07:31 (46587 turns).

Behavioral the Slayer (Formicid Hexslinger)        Turns: 46587, Time: 02:07:32

Health: 216/216    AC: 26    Str: 21    XL:     25   Next: 8%
Magic:  34/34      EV: 33    Int: 16    God:    Okawaru [******]
Gold:   6976       SH: 36    Dex: 34    Spells: 17/26 levels left

rFire   + . .        a - +11 arbalest "Yblom" {freeze, rF+ Will+ Dex+4}
rCold   + . .        S - +1 tower shield {AC+3}
rNeg    . . .        d - +2 ring mail {rC+}
rPois   .            (helmet unavailable)
rElec   .            s - +1 cloak {Stlth+}
rCorr   .            f - +2 pair of gloves {Str+3}
SInv    +            k - +0 pair of boots "Asoufatz" {Dex+3}
Will    +++..        z - brooch of Shielding {Spirit SH+8}
Stlth   +++          K - ring of Secrets {Fly Str+4 Dex+3 Slay+3}
HPRegen 0.56/turn    w - +4 ring of protection
MPRegen 0.24/turn

%: guardian spirit
@: flying
A: permanent stasis, dig shafts and tunnels, antennae 3, four strong arms
}: 2/15 runes: barnacled, gossamer
a: Dig, Shaft Self, Renounce Religion, Heroism, Finesse, Duel


You were on level 3 of the Depths.
You worshipped Okawaru.
Okawaru was exalted by your worship.
You visited 9 branches of the dungeon, and saw 41 of its levels.
You visited 1 bazaar.
You also visited: Bailey and Desolation.

You collected 10214 gold pieces.
You spent 3238 gold pieces at shops.

Inventory:

Hand Weapons
 a - the +11 arbalest "Yblom" (weapon) {freeze, rF+ Will+ Dex+4}
   (Okawaru gifted it to you on level 3 of the Lair of Beasts)

   Dex+4:     It affects your dexterity (+4).
   rF+:       It protects you from fire.
   Will+:     It increases your willpower.
 c - the +7 sling of Anger {speed, rElec Int+2}
   (You took it off a meliai on level 4 of the Lair of Beasts)

   Int+2:     It affects your intelligence (+2).
   rElec:     It insulates you from electricity.
 q - the +1 triple crossbow "Momuureg" {flame, rC+++ rCorr Str-4 Stlth-}
   (You found it on level 3 of the Elven Halls)

   Str-4:     It affects your strength (-4).
   rC+++:     It renders you almost immune to cold.
   rCorr:     It protects you from acid and corrosion.
   Stlth-:    It makes you less stealthy.
Missiles
 A - 7 throwing nets
 I - 27 silver javelins
 L - 15 curare-tipped darts
Armour
 d - a +2 ring mail of cold resistance (worn)
 f - a +2 pair of gloves of strength (worn)
 k - the +0 pair of boots "Asoufatz" (worn) {Dex+3}
   (You found it on level 4 of the Spider Nest)

   Dex+3:     It affects your dexterity (+3).
 s - a +1 cloak of stealth (worn)
 S - a +1 tower shield of protection (worn)
Jewellery
 b - a ring of positive energy
 n - the ring "Lufentef" {Will+ Int+5}
   (You found it in the Desolation of Salt)

   [ring of willpower]

   Int+5:     It affects your intelligence (+5).
   Will+:     It increases your willpower.
 u - the ring of the Burgomaster {rPois rF+ rC- Int+2 Dex+2}
   (You found it on level 4 of the Shoals)

   [ring of protection from fire]

   Int+2:     It affects your intelligence (+2).
   Dex+2:     It affects your dexterity (+2).
   rF+:       It protects you from fire.
   rC-:       It makes you vulnerable to cold.
   rPois:     It protects you from poison.
 w - a +4 ring of protection (right hand)
 z - the brooch of Shielding (around neck) {Spirit SH+8}
   (You found it on level 3 of the Spider Nest)

   [amulet of guardian spirit]

   Spirit:    It causes incoming damage to be divided between your reserves of
   health and magic.
   SH+8:      It affects your SH (+8).
 K - the ring of Secrets (left hand) {Fly Str+4 Dex+3 Slay+3}
   (You found it on level 3 of the Elven Halls)

   [ring of flight]

   Str+4:     It affects your strength (+4).
   Dex+3:     It affects your dexterity (+3).
   Slay+3:    It affects your accuracy & damage with ranged weapons and melee
   (+3).
   Fly:       It grants you flight.
 P - the ring of the Coward {rCorr Str+5 Int+6}
   (You bought it in a shop in a bazaar)

   [ring of intelligence]

   Str+5:     It affects your strength (+5).
   Int+6:     It affects your intelligence (+6).
   rCorr:     It protects you from acid and corrosion.
Wands
 v - a wand of polymorph (19)
 x - a wand of mindburst (19)
 B - a wand of roots (50)
 D - a wand of light (35)
 U - a wand of flame (29)
 V - a wand of digging (22)
Scrolls
 g - 8 scrolls of fog
 r - 7 scrolls of vulnerability
 F - 7 scrolls of revelation
 G - 3 scrolls of enchant weapon
 H - 5 scrolls of immolation
 J - 5 scrolls of fear
 M - 5 scrolls of enchant armour
 N - a scroll of silence
 O - 22 scrolls of identify
 R - a scroll of torment
 Y - 4 scrolls of poison
Potions
 e - 5 potions of magic
 h - 10 potions of heal wounds
 i - 5 potions of resistance
 j - 4 potions of might
 l - 18 potions of curing
 m - 15 potions of brilliance
 o - 6 potions of mutation
 p - a potion of enlightenment
 t - 8 potions of lignification
 C - 3 potions of attraction
 E - 4 potions of cancellation
 T - 5 potions of ambrosia
 X - 6 potions of invisibility
 Z - 3 potions of berserk rage
Miscellaneous
 y - a condenser vane
 Q - a lightning rod (4/4)
 W - a phial of floods


   Skills:
 + Level 21.8 Fighting
 - Level 18.0 Ranged Weapons
 + Level 17.0 Armour
 - Level 20.0 Dodging
 - Level 20.0 Shields
 - Level 1.1 Spellcasting
 - Level 4.2 Hexes
 - Level 1.0 Fire Magic
 - Level 15.0 Invocations
 + Level 11.5 Evocations


You had 17 spell levels left.
You knew the following spells:

 Your Spells              Type           Power      Damage    Failure   Level
a - Jinxbite              Hex            28%        N/A       14%         2
b - Sigil of Binding      Hex            14%        N/A       28%         3
c - Cause Fear            Hex            7%         N/A       67%         4

Your spell library contained the following spells:

 Spells                   Type           Power      Damage    Failure   Level
 Confusing Touch          Hex            14%        N/A       28%         3
 Ensorcelled Hibernation  Hex/Ice        14%        N/A       34%         2
 Apportation              Tloc           0%         N/A       50%         1
 Freeze                   Ice            0%         1d3       50%         1
 Kiss of Death            Conj/Necr      0%         2d5       50%         1
 Magic Dart               Conj           0%         1d3       50%         1
 Necrotise                Necr           0%         1d4       50%         1
 Sandblast                Erth           0%         2d4       50%         1
 Shock                    Conj/Air       0%         1d3       50%         1
 Sting                    Conj/Alch      0%         1d3       50%         1
 Inner Flame              Hex/Fire       9%         N/A       50%         3
 Cigotuvi's Dreadful Rot  Necr/Alch/Air  0%         N/A       63%         2
 Lesser Beckoning         Tloc           0%         N/A       63%         2
 Mercury Vapours          Alch/Air       0%         N/A       63%         2
 Momentum Strike          Conj/Tloc      0%         3d8       63%         2
 Searing Ray              Conj           0%         2d4       63%         2
 Sublimation of Blood     Necr           0%         N/A       63%         2
 Fugue of the Fallen      Necr           0%         N/A       86%         3
 Mephitic Cloud           Conj/Alch/Air  0%         N/A       86%         3
 Ozocubu's Armour         Ice            0%         N/A       86%         3
 Stone Arrow              Conj/Erth      0%         3d7       86%         3
 Teleport Other           Tloc           0%         N/A       86%         3
 Vampiric Draining        Necr           0%         2d6       86%         3
 Anguish                  Hex/Necr       3%         N/A       92%         4
 Dimensional Bullseye     Hex/Tloc       3%         N/A       92%         4
 Dispel Undead            Necr           0%         3d6       99%         4
 Flame Wave               Conj/Fire      2%         2d4       99%         4
 Fulminant Prism          Conj/Alch      0%         3d5       99%         4
 Ignite Poison            Fire/Alch      2%         N/A       99%         4
 Iskenderun's Mystic Bla Conj/Tloc 0%             2d3        (+2d1     99%         4
 Leda's Liquefaction      Alch/Erth      0%         N/A       99%         4
 Olgreb's Toxic Radiance  Alch           0%         N/A       99%         4
 Passage of Golubria      Tloc           0%         N/A       99%         4
 Sticky Flame             Fire/Alch      2%         2d4       99%         4
 Silence                  Hex/Air        3%         N/A       99%         5
 Yara's Violent Unravell  Hex/Alch       3%         3d4       99%         5
 Alistair's Intoxication  Alch           0%         N/A       100%        5
 Arcjolt                  Conj/Air       0%         1d10      100%        5
 Borgnjor's Vile Clutch   Necr/Erth      0%         N/A       100%        5
 Curse of Agony           Necr           0%         N/A       100%        5
 Fireball                 Conj/Fire      1%         3d3       100%        5
 Freezing Cloud           Conj/Ice/Air   0%         6-21      100%        5
 Eringya's Noxious Bog    Alch           0%         4d6       100%        6
 Plasma Beam              Fire/Air       1%         2x1d11    100%        6
 Starburst                Conj/Fire      1%         6d3       100%        6
 Manifold Assault         Tloc           0%         N/A       100%        7
 Ozocubu's Refrigeration  Ice            0%         4d7       100%        7
 Ignition                 Fire           2%         3d3       100%        8
 Lehudib's Crystal Spear  Conj/Erth      0%         10d2      100%        8
 Polar Vortex             Ice            0%         N/A       100%        9
 Shatter                  Erth           0%         3d5*      100%        9
 Tukima's Dance           Hex            Unusable   N/A       N/A         3
 Summon Small Mammal      Summ           Unusable   N/A       N/A         1
 Call Imp                 Summ           Unusable   N/A       N/A         2
 Summon Ice Beast         Ice/Summ       Unusable   N/A       N/A         3
 Animate Armour           Summ/Erth      Unusable   N/A       N/A         4
 Animate Dead             Necr           Unusable   N/A       N/A         4
 Martyr's Knell           Necr/Summ      Unusable   N/A       N/A         4
 Vhi's Electric Charge    Tloc/Air       Unusable   N/A       N/A         4
 Death Channel            Necr           Unusable   N/A       N/A         6
 Sculpt Simulacrum        Ice/Alch       Unusable   N/A       N/A         6
 Summon Hydra             Summ           Unusable   N/A       N/A         7

Dungeon Overview and Level Annotations

Branches:
Dungeon (15/15)            Temple (1/1) D:4            Lair (5/5) D:8
 Shoals (4/4) Lair:2       Spider (4/4) Lair:2        Slime (0/5) Lair:5
    Orc (2/2) D:9             Elf (3/3) Orc:2        Vaults (4/5) D:13
  Crypt (0/3) Vaults:3     Depths (3/4) D:15         Bailey (visited)
Desolation (visited)

Altars:
Ashenzari
Cheibriados
Dithmenos
Elyvilon
Fedhas
Gozag
Hepliaklqana
Kikubaaqudgha
Makhleb
Nemelex Xobeh
Okawaru
Qazlal
Ru
Sif Muna
Trog
Uskayaw
Vehumet
Wu Jian
Xom
Yredelemnul
Zin
The Shining One
Jiyva

Shops:
D:3 *   D:5 *   Orc:2 *![?   Elf:3 ?   Vaults:2 (

Portals:
Hell: Depths:1 Depths:2 Depths:3
Abyss: Depths:3
Pandemonium: Depths:2
Ziggurat: Depths:3
Trove: D:15 (show slimy rune of Zot)

Annotations:
D:7 exclusion: door
D:8 exclusion: downstairs
D:11 exclusion: downstairs
Lair:3 2 transporters, Uleac's ghost, journeyman DsNe
Lair:4 exclusion: 2 downstairs
Elf:2 3 runed translucent doors
Vaults:2 1 runed translucent door


Innate Abilities, Weirdness & Mutations

You cannot be hasted, slowed, berserked, paralysed or teleported.
You can dig through walls and to a lower floor.
You have a pair of large antennae on your head. (SInv)
Your four strong arms can wield two-handed weapons with a shield.


Message History

No target in view!
No target in view!
Unknown command.
You now have 6948 gold pieces (gained 32).
D - a wand of light (35) (gained 4 charges)
Things that are here:
a +2 trident of freezing; a +0 robe
There is a one-way gateway to a ziggurat here.
L - 15 curare-tipped darts (gained 2)
There is a one-way gateway to a ziggurat here.
Things that are here:
a +2 battleaxe of freezing; a fire giant skeleton A malevolent force fills the Depths...
Your tunneler's instincts keep you from falling into a shaft!
You see here a +1 war axe of venom.
Things that are here:
a +1 battleaxe of freezing; a fire giant skeleton
Things that are here:
a +2 great mace of freezing; a +3 great mace of flaming; an ettin skeleton
Items here: )) [ ÷.
Things that are here:
a +2 battleaxe of freezing; a fire giant skeleton
There is an open door here.
You see here a +2 battleaxe of freezing.
Things that are here:
a +0 scale mail; a +1 great sword of freezing; a tengu skeleton
There is an open door here.
Found a gateway to Hell.
Found a stone staircase leading up.
There is a gateway to Hell here.
l - 18 potions of curing (gained 1)
There is a stone staircase leading up here.
You now have 6976 gold pieces (gained 28).
Done exploring.
Done exploring.
Done exploring.
Done exploring.
Done exploring.
Search for what [? for help]? .
Are you sure you want to abandon this character and quit the game? (Confirm with "yes".)

#.≈...#...#...#(#.#.#.#.#:
#...#..).)......#...#...#.
########...##≈##...#####'#'#...##
...≈...........#.).#...#.........
.#.≈.#...≈...⌠.#.#.#.∩.#.#...#...
...≈...........#...#...#.........
...≈≈≈≈≈...≈≈≈≈#####...#####...##
.^.........≈.?.#...........#...#.
.#...≈.....≈.#.#@<...≈.......#.#.
......#.#?.≈...#...........#...#.
...≈...≈...≈...##≈##...######.##.
...≈..#.#..........#...# ##.....
.≈.≈.#..[........≈.....# #≈.....
...≈...............#...# ##.....
≈≈≈≈...≈≈≈≈≈...######.## #####.
...........≈...# ### #.
.#...#...≈.≈...# #.


There were no monsters in sight!

Vanquished Creatures
  Mennas (Vaults:3)
  Saint Roka (Orc:2)
  Bai Suzhen (Depths:2)
  A golden dragon (Depths:2)
  Arachne (Spider:2)
  A bone dragon (Depths:1)
  Rupert (Lair:4)
  Zenata (Vaults:3)
  Jorgrun (Orc:1)
  A tentacled monstrosity (Depths:2)
  A walking earthen tome (Depths:2)
  4 liches
  A quicksilver dragon (Vaults:4)
  A titan (Vaults:4)
  6 sphinxes
  3 deep elf blademasters
  A walking frostbound tome (Depths:3)
  A shadow dragon (Vaults:4)
  2 deep elf master archers (Elf:3)
  Kirke (Lair:4)
  5 tengu reavers
  A storm dragon (shapeshifter) (Depths:3)
  2 storm dragons (Depths:3)
  Ilsuiw (Shoals:2)
  Roxanne (Shoals:2)
  An azure jelly (shapeshifter) (Depths:2)
  4 frost giants
  5 fire giants
  7 emperor scorpions
  15 vault wardens
  8 deep elf elementalists
  4 imperial myrmidons (Desolation)
  6 deep elf sorcerers (Elf:3)
  An iron dragon (shapeshifter) (Depths:2)
  2 iron dragons (Depths:3)
  5 ghost moths
  14 ironbound preservers
  A juggernaut skeleton (Depths:1)
  5 broodmothers
  3 formless jellyfish
  10 stone giants
  7 very ugly things
  7 ironbound thunderhulks
  A stone giant (shapeshifter) (Depths:3)
  7 deep elf demonologists
  2 vampire knights
  3 spark wasps
  A halazid warlock (Desolation)
  7 deep elf annihilators
  The ghost of Azoth the Brawler, a journeyman TrSh of Ru (Orc:1)
  7 deep elf death magi
  A war gargoyle (Vaults:4)
  15 dire elephants
  Snorg (D:13)
  The ghost of knightboat the Fighter, a journeyman OnFE of Vehumet (D:9)
  3 crystal guardians
  A blizzard demon (Depths:3)
  6 ettins
  3 deep elf high priests
  3 fire dragons
  11 merfolk impalers
  The ghost of yleetSyT the Martial Artist, a journeyman OpSh of Uskayaw (Lair:1)
  6 ice dragons
  5 merfolk javelineers
  3 ragged hierophants (Desolation)
  6 entropy weavers
  8 yaktaur captains
  2 great orbs of eyes
  5 servants of whispers (Desolation)
  The ghost of grandjackal the Fighter, a journeyman DsGl of Nemelex Xobeh (D:10)
  2 rakshasas
  18 vault guards
  2 salamander tyrants (Depths:3)
  3 ghost crabs (Depths:1)
  An alligator snapping turtle (Shoals:2)
  8 centaur warriors
  Erica (Orc:1)
  6 hydras
  4 spriggan air magi
  A spark wasp (shapeshifter) (Depths:3)
  12 ironbound frosthearts
  2 ogre magi
  9 peacekeepers
  A jorogumo (Spider:4)
  3 merfolk avatars
  3 catoblepae
  3 merfolk aquamancers (Shoals:4)
  15 dancing weapons
  2 death knights (Vaults:3)
  A deep troll shaman (Lair:5)
  5 boulder beetles
  8 death yaks
  4 two-headed ogres
  The ghost of Azoth the Protected, a novice AtFi of Ru (D:10)
  A deep troll earth mage (Depths:3)
  2 hell hogs (Depths:1)
  Urug (Lair:4)
  4 satyrs
  An orc high priest (Elf:2)
  The ghost of Walel the Zephyrmancer, a journeyman TeAE of Gozag (Lair:2)
  A soul eater (Depths:1)
  An occultist (Depths:2)
  6 demonic crawlers
  2 hell knights
  6 deep elf knights
  A storm dragon skeleton (Depths:1)
  10 pharaoh ants
  2 skysharks
  A skyshark (shapeshifter) (Depths:3)
  12 sea snakes
  4 glowing orange brains
  6 arcanists
  30 deep trolls
  A sun moth (shapeshifter) (Vaults:1)
  7 orb spiders
  A swamp dragon (D:12)
  6 sun moths
  A shadow demon (Depths:2)
  27 harpies
  13 deep elf archers
  4 phantasmal warriors
  18 ironbound convokers
  A steelbarb worm (shapeshifter) (Depths:2)
  6 steelbarb worms
  3 orc knights
  2 necromancers
  30 ugly things
  25 deep elf zephyrmancers
  13 lindwurms
  30 wolf spiders
  4 oklob plants (Lair:2)
  3 orc sorcerers
  26 fauns
  23 deep elf pyromancers
  A mana viper (shapeshifter) (Depths:3)
  4 cyclopes
  13 manticores
  3 large abominations (Depths:1)
  9 meliai
  An iron dragon skeleton (Depths:1)
  A sphinx simulacrum (Vaults:2)
  A frost giant skeleton (Depths:1)
  10 merfolk sirens
  3 moths of wrath
  19 elephants
  3 guardian serpents (Desolation)
  A guardian serpent (shapeshifter) (Depths:3)
  A naga mage (Depths:1)
  A black mamba (Lair:5)
  2 stone giant skeletons (Vaults:2)
  14 vault sentinels
  4 kobold blastminers (Orc:2)
  24 cane toads
  6 water nymphs
  2 apocalypse crabs (Shoals:3)
  11 torpor snails
  A yaktaur zombie (Vaults:2)
  A gargoyle (D:11)
  Jeremiah (D:6)
  6 rime drakes
  A kobold demonologist (D:9)
  An unseen horror (D:9)
  2 freezing wraiths
  An efreet (D:14)
  8 komodo dragons
  A tengu conjurer (Depths:3)
  29 yaktaurs
  A queen bee (shapeshifter) (D:14)
  26 merfolk
  3 polar bears
  4 trolls
  A queen bee (Lair:4)
  4 wind drakes
  47 saltlings
  28 tarantellas
  7 hornets
  2 tengu simulacra (Depths:1)
  A tarantella (shapeshifter) (D:15)
  A raiju (shapeshifter) (Elf:2)
  8 dream sheep
  14 blink frogs
  3 glass eyes
  An iron dragon simulacrum (Depths:1)
  6 snapping turtles
  A fire giant simulacrum (Depths:1)
  24 jumping spiders
  Sigmund (D:3)
  19 culicivoras
  30 slime creatures
  A vampire (D:6)
  2 fire elementals
  12 spriggans (Lair:1)
  7 water elementals
  7 wyverns
  62 yaks
  A basilisk (shapeshifter) (Elf:1)
  2 basilisks
  4 humans
  4 steam dragons
  3 hogs (Lair:4)
  A wraith (D:12)
  6 vampire mosquitoes (D:10)
  4 wargs
  65 redbacks
  A swamp worm (shapeshifter) (Depths:1)
  Menkaure (D:5)
  An acid dragon (D:11)
  13 water moccasins
  A swamp drake (D:9)
  46 orc warriors
  3 ice beasts
  2 sky beasts
  3 black bears
  2 laughing skulls (D:15)
  10 boggarts
  20 centaurs
  18 wolves
  A human skeleton (Vaults:2)
  8 ogres
  3 phantoms (D:5)
  2 kobold brigands (D:9)
  A brain worm (D:6)
  14 bullfrogs
  2 scorpions (D:5)
  4 gnoll sergeants
  3 earth elementals
  A glowing shapeshifter simulacrum (Depths:1)
  3 wights (D:8)
  76 killer bees
  2 electric eels (Lair:5)
  A howler monkey (D:5)
  A lava snake (D:7)
  2 hounds
  8 jellies
  8 orc priests
  2 gnoll boudas
  3 iguanas
  3 sleepcaps
  19 orc wizards
  Robin (D:1)
  28 gnolls
  6 adders
  A shadow imp (D:7)
  A white imp (D:7)
  5 dart slugs
  6 ribbon worms
  109 orcs
  9 ball pythons
  3 bats
  12 endoplasms
  17 goblins
  10 hobgoblins
  3 jackals (D:1)
  2 quokkas (D:4)
  6 frilled lizards
  22 kobolds
  8 rats
1844 creatures vanquished.

Vanquished Creatures (others)
  A harpy (Vaults:1)
  2 deep elf zephyrmancers
  A saltling (Desolation)
  A water moccasin (Lair:4)
  A killer bee (Lair:4)
6 creatures vanquished.

Grand Total: 1850 creatures vanquished

Notes
Turn   | Place    | Note
-------+----------+-------------------------------------------
     0 | D:1      | Behavioral the Formicid Hexslinger began the quest for the
                  | Orb.
     0 | D:1      | Reached XP level 1. HP: 15/15 MP: 2/2
   142 | D:1      | Reached XP level 2. HP: 21/21 MP: 3/3
   145 | D:1      | Learned a level 2 spell: Jinxbite
   387 | D:1      | Reached XP level 3. HP: 26/26 MP: 1/4
  1039 | D:2      | Reached XP level 4. HP: 32/32 MP: 2/5
  1073 | D:2      | Learned a level 3 spell: Sigil of Binding
  1377 | D:2      | Noticed Robin
  1419 | D:1      | Killed Robin
  1542 | D:2      | Reached skill level 2 in Fighting
  1542 | D:2      | Reached XP level 5. HP: 38/38 MP: 3/6
  2048 | D:2      | Reached skill level 5 in Ranged Weapons
  2379 | D:3      | Reached XP level 6. HP: 44/44 MP: 5/7
  2804 | D:3      | Found Moniemig's General Store.
  2808 | D:3      | Bought a scroll of identify for 26 gold pieces
  2873 | D:3      | Noticed Sigmund
  3262 | D:4      | Reached skill level 3 in Fighting
  3589 | D:4      | Reached XP level 7. HP: 52/52 MP: 5/8
  3961 | D:4      | Found a staircase to the Ecumenical Temple.
  4073 | Temple   | Entered the Ecumenical Temple
  4086 | Temple   | Became a worshipper of Warmaster Okawaru
  4183 | D:3      | Killed Sigmund
  4201 | D:5      | Entered Level 5 of the Dungeon
  4413 | D:5      | Reached * piety under Okawaru
  4479 | D:5      | Noticed Menkaure
  4482 | D:5      | Killed Menkaure
  4483 | D:5      | Reached XP level 8. HP: 59/59 MP: 10/10
  4540 | D:5      | Reached ** piety under Okawaru
  4541 | D:5      | Reached skill level 4 in Fighting
  4574 | D:5      | Found Qimocuul's Overcharged Wands.
  4654 | D:5      | Reached skill level 5 in Invocations
  4671 | D:5      | Reached skill level 5 in Fighting
  4718 | D:5      | Learned a level 4 spell: Cause Fear
  4806 | D:5      | Reached XP level 9. HP: 48/68 MP: 12/12
  5137 | D:5      | Identified 2 scrolls of acquirement
  5137 | D:5      | Acquired 560 gold pieces
  5139 | D:5      | Acquired 905 gold pieces
  5275 | D:3      | Bought a +2 ring mail of willpower for 273 gold pieces
  5373 | D:5      | Bought a wand of roots (18) for 648 gold pieces
  5454 | D:6      | Reached skill level 1 in Armour
  5562 | D:6      | Reached *** piety under Okawaru
  5609 | D:6      | Noticed Maggie
  5610 | D:6      | Maggie changed into Maggie the brain worm
  5610 | D:6      | Noticed Maggie
  5622 | D:6      | Killed Maggie the brain worm
  5669 | D:6      | Reached skill level 6 in Fighting
  5887 | D:6      | Found a radiant altar of Vehumet.
  5887 | D:6      | Found a hazy altar of Hepliaklqana.
  5983 | D:6      | Noticed Jeremiah
  6003 | D:6      | Killed Jeremiah
  6004 | D:6      | Reached skill level 7 in Fighting
  6071 | D:6      | Reached skill level 5 in Evocations
  6071 | D:6      | Reached XP level 10. HP: 79/79 MP: 13/13
  6092 | D:6      | Reached **** piety under Okawaru
  6342 | D:7      | Reached skill level 8 in Fighting
  6384 | D:7      | Found a flagged portal.
  6392 | Bailey   | Entered a bailey
  7005 | D:7      | Reached skill level 5 in Dodging
  7049 | D:7      | Reached ***** piety under Okawaru
  7665 | D:8      | Found a white marble altar of Elyvilon.
  7836 | D:8      | Found a staircase to the Lair.
  7913 | D:8      | Found a blossoming altar of Fedhas.
  7917 | D:8      | Received a gift from Okawaru
  7949 | D:8      | Found an ornate altar of the Wu Jian Council.
  8097 | D:8      | Reached XP level 11. HP: 86/86 MP: 15/15
  8222 | D:8      | Identified the +8 battleaxe of the Screaming Genius {pain,
                  | +Blink rN+}
  8286 | D:8      | Reached skill level 10 in Ranged Weapons
  8553 | D:9      | Found a bloodstained altar of Trog.
  8687 | D:9      | Reached skill level 9 in Fighting
  8726 | D:9      | Noticed a sixfirhy
  9063 | D:9      | Reached skill level 10 in Fighting
  9162 | D:9      | Received a gift from Okawaru
  9193 | D:9      | Found a staircase to the Orcish Mines.
  9489 | D:9      | Found a runed translucent gate.
  9489 | D:9      | Found a runed translucent gate.
  9489 | D:9      | Found a runed translucent gate.
  9489 | D:9      | Noticed knightboat's ghost (journeyman OnFE)
  9489 | D:9      | Noticed a nine-headed hydra
  9490 | D:9      | Noticed a nine-headed hydra
  9760 | D:10     | Entered Level 10 of the Dungeon
  9882 | D:10     | Reached skill level 5 in Armour
 10001 | D:10     | Received a gift from Okawaru
 10047 | D:10     | Found a runed translucent gate.
 10047 | D:10     | Found a runed translucent gate.
 10047 | D:10     | Found a runed translucent gate.
 10051 | D:10     | Noticed grandjackal's ghost (journeyman DsGl)
 10051 | D:10     | Noticed Azoth's ghost (novice AtFi)
 10083 | D:10     | Acquired 742 gold pieces
 10237 | D:10     | Reached XP level 12. HP: 97/97 MP: 18/18
 10840 | Lair:1   | Entered Level 1 of the Lair of Beasts
 11014 | Lair:1   | Found a runed translucent gate.
 11016 | Lair:1   | Found a runed translucent gate.
 11017 | Lair:1   | Found a runed translucent gate.
 11020 | Lair:1   | Noticed yleetSyT's ghost (journeyman OpSh)
 11623 | Lair:1   | Received a gift from Okawaru
 12136 | Lair:1   | Found a viscous altar of Jiyva.
 12403 | Lair:2   | Reached skill level 1 in Shields
 12415 | Lair:2   | Found a hole to the Spider Nest.
 12476 | Lair:2   | Found a runed translucent gate.
 12477 | Lair:2   | Found a runed translucent gate.
 12478 | Lair:2   | Found a runed translucent gate.
 12478 | Lair:2   | Noticed a seven-headed hydra
 12478 | Lair:2   | Noticed Walel's ghost (journeyman TeAE)
 12561 | Lair:2   | Reached XP level 13. HP: 103/103 MP: 20/20
 12581 | Lair:2   | Received a gift from Okawaru
 12598 | Lair:2   | Reached skill level 10 in Invocations
 12674 | Lair:2   | Reached skill level 5 in Shields
 13146 | Lair:2   | Found a staircase to the Shoals.
 13451 | Lair:3   | Found a sparkling altar of Nemelex Xobeh.
 13606 | Lair:3   | Found a transporter.
 13606 | Lair:3   | Noticed Uleac's ghost (journeyman DsNe)
 13640 | Lair:3   | Reached ****** piety under Okawaru
 13662 | Lair:3   | Acquired the +11 arbalest "Yblom" {freeze, rF+ Will+ Dex+4}
 13662 | Lair:3   | Received a gift from Okawaru
 13667 | Lair:3   | Acquired a +2 kite shield of protection
 13667 | Lair:3   | Received a gift from Okawaru
 13741 | Lair:3   | Received a gift from Okawaru
 13830 | Lair:3   | Noticed a six-headed hydra
 13835 | Lair:3   | Killed a six-headed hydra
 13925 | Lair:3   | Found a transporter.
 14735 | Lair:4   | Noticed Rupert
 14746 | Lair:4   | Killed Rupert
 14752 | Lair:4   | Received a gift from Okawaru
 14753 | Lair:4   | Reached skill level 10 in Shields
 14753 | Lair:4   | Reached XP level 14. HP: 111/111 MP: 21/21
 15034 | Lair:4   | Noticed Kirke
 15042 | Lair:4   | Noticed a sphinx
 15046 | Lair:4   | Killed Kirke
 15106 | Lair:4   | Received a gift from Okawaru
 15161 | Lair:4   | Noticed Urug
 15167 | Lair:4   | Killed Urug
 15172 | Lair:4   | Reached skill level 11 in Fighting
 15308 | Lair:4   | Identified the +7 sling of Anger {speed, rElec Int+2}
 15341 | Lair:4   | Received a gift from Okawaru
 15793 | Lair:5   | Entered Level 5 of the Lair of Beasts
 15907 | Lair:5   | Reached skill level 12 in Fighting
 15928 | Lair:5   | Received a gift from Okawaru
 15931 | Lair:5   | Reached XP level 15. HP: 94/120 MP: 22/22
 15946 | Lair:5   | Reached skill level 15 in Ranged Weapons
 16159 | Lair:5   | Received a gift from Okawaru
 16220 | Lair:5   | Identified the +7 war axe "Iqyacep" {heavy, SInv}
 16223 | Lair:5   | Identified the +5 broad axe of Propriety {elec, Str+3}
 16513 | Lair:5   | Found a viscous altar of Jiyva.
 16513 | Lair:5   | Found a staircase to the Slime Pits.
 16862 | Lair:2   | Killed Walel's ghost
 16972 | Lair:2   | Received a gift from Okawaru
 17084 | Lair:2   | Identified the +1 robe "Deufrod" {Harm Will++ Dex+2}
 17172 | Lair:1   | Killed yleetSyT's ghost
 17208 | Lair:1   | Identified the +2 dagger of Due Proportion {flame, Dex+3}
 17356 | D:9      | Killed knightboat's ghost
 17466 | D:10     | Killed grandjackal's ghost
 17468 | D:10     | Killed Azoth's ghost
 17487 | D:10     | Identified the staff of Dithmenos {rC+ Int+4 Dex+7 Ice}
 17567 | D:11     | Found a flickering gateway to a bazaar.
 17580 | Bazaar   | Entered a bazaar
 17580 | Bazaar   | Found Pul Obu's Book Shop.
 17580 | Bazaar   | Found Wolaf's Distillery.
 17580 | Bazaar   | Found Ywuist's Weapon Shop.
 17580 | Bazaar   | Found Opionk's Magic Scroll Shoppe.
 17582 | Bazaar   | Found Gassida's Jewellery Boutique.
 17582 | Bazaar   | Found Ducaid's Magic Scroll Shoppe.
 17601 | Bazaar   | Bought a potion of heal wounds for 55 gold pieces
 17601 | Bazaar   | Bought a potion of curing for 33 gold pieces
 17601 | Bazaar   | Bought a potion of curing for 33 gold pieces
 17601 | Bazaar   | Bought a potion of curing for 33 gold pieces
 17601 | Bazaar   | Bought a potion of invisibility for 88 gold pieces
 17601 | Bazaar   | Bought a potion of heal wounds for 55 gold pieces
 17612 | Bazaar   | Bought a +4 ring of protection for 540 gold pieces
 17619 | Bazaar   | Bought a scroll of revelation for 52 gold pieces
 17619 | Bazaar   | Bought a scroll of identify for 14 gold pieces
 17623 | Bazaar   | Bought a scroll of identify for 24 gold pieces
 17623 | Bazaar   | Bought a scroll of enchant armour for 90 gold pieces
 17623 | Bazaar   | Bought a scroll of fear for 48 gold pieces
 17623 | Bazaar   | Bought a scroll of fog for 48 gold pieces
 17623 | Bazaar   | Bought a scroll of identify for 24 gold pieces
 17632 | Bazaar   | Bought the ring of the Coward {rCorr Str+5 Int+6} for 886
                  | gold pieces
 17886 | D:11     | Received a gift from Okawaru
 18263 | D:12     | Noticed a fire giant
 18263 | D:12     | Noticed a tengu reaver
 18263 | D:12     | Noticed an orc warlord
 18296 | D:12     | Reached XP level 16. HP: 122/123 MP: 23/23
 18483 | D:12     | Noticed Nessos
 18485 | D:12     | Nessos changed into Nessos the swamp dragon
 18485 | D:12     | Noticed Nessos
 18491 | D:12     | Killed Nessos the swamp dragon
 19297 | D:13     | Noticed Snorg
 19301 | D:13     | Killed Snorg
 19431 | D:13     | Found a white marble altar of Elyvilon.
 19515 | D:13     | Received a gift from Okawaru
 19708 | D:13     | Found a gate to the Vaults.
 20689 | D:15     | Entered Level 15 of the Dungeon
 20791 | D:15     | Received a gift from Okawaru
 20792 | D:15     | Reached skill level 13 in Fighting
 21006 | D:15     | Found a staircase to the Depths.
 21289 | D:15     | Found a portal to a secret trove of treasure.
 21725 | Shoals:1 | Entered Level 1 of the Shoals
 21812 | Shoals:1 | Reached skill level 10 in Dodging
 22162 | Shoals:1 | Received a gift from Okawaru
 22280 | Shoals:1 | Reached XP level 17. HP: 137/137 MP: 24/24
 22586 | Shoals:2 | Upgraded the game from 0.32-a0-42-ga30500b4d3 to
                  | 0.32-a0-391-gce5c0aab1b
 22598 | Shoals:2 | Noticed Ilsuiw
 22611 | Shoals:2 | Killed Ilsuiw
 22688 | Shoals:2 | Received a gift from Okawaru
 22828 | Shoals:2 | Reached skill level 14 in Fighting
 23127 | Shoals:2 | Noticed Roxanne
 23140 | Shoals:2 | Killed Roxanne
 23307 | Shoals:3 | Received a gift from Okawaru
 23347 | Shoals:3 | Reached skill level 10 in Evocations
 24128 | Shoals:4 | Entered Level 4 of the Shoals
 24166 | Shoals:4 | Received a gift from Okawaru
 24237 | Shoals:4 | Identified the ring of the Burgomaster {rPois rF+ rC- Int+2
                  | Dex+2}
 24352 | Shoals:4 | Reached XP level 18. HP: 138/148 MP: 26/26
 24362 | Shoals:4 | Identified the +4 dagger of the Pill Bug {elec, *Noise
                  | rElec rC++ rCorr}
 24403 | Shoals:4 | Reached skill level 15 in Fighting
 24714 | Shoals:4 | Received a gift from Okawaru
 24772 | Shoals:4 | Got a barnacled rune of Zot
 24939 | Shoals:4 | Identified the +1 chain mail "Fueh" {Int+7}
 24974 | Shoals:4 | Acquired 596 gold pieces
 25065 | Spider:1 | Entered Level 1 of the Spider Nest
 25448 | Spider:1 | Received a gift from Okawaru
 26420 | Spider:2 | Reached skill level 16 in Fighting
 26746 | Spider:2 | Received a gift from Okawaru
 27284 | Spider:2 | Noticed Arachne
 27294 | Spider:2 | Killed Arachne
 27693 | Spider:2 | Reached XP level 19. HP: 159/159 MP: 28/28
 28053 | Spider:3 | Acquired a manual of Armour
 28072 | Spider:3 | Received a gift from Okawaru
 28128 | Spider:3 | Reached skill level 17 in Fighting
 28128 | Spider:3 | Reached skill level 10 in Armour
 28248 | Spider:3 | Found the brooch of Shielding {Spirit SH+8}
 28554 | Spider:4 | Entered Level 4 of the Spider Nest
 28858 | Spider:4 | Received a gift from Okawaru
 29074 | Spider:4 | Identified the +6 spear "Uged" {freeze, *Noise rF+ rC++
                  | Str+3}
 29429 | Spider:4 | Received a gift from Okawaru
 29442 | Spider:4 | Reached skill level 18 in Fighting
 29515 | Spider:4 | Identified the +0 pair of boots "Asoufatz" {Dex+3}
 29556 | Spider:4 | Got a gossamer rune of Zot
 30123 | Orc:1    | Entered Level 1 of the Orcish Mines
 30140 | Orc:1    | Noticed Jorgrun
 30167 | Orc:1    | Noticed Erica
 30170 | Orc:1    | Killed Jorgrun
 30171 | Orc:1    | Killed Erica
 30277 | Orc:1    | Found a runed translucent door.
 30280 | Orc:1    | Noticed Azoth's ghost (journeyman TrSh)
 30630 | Orc:1    | Killed Azoth's ghost
 30657 | Orc:2    | Entered Level 2 of the Orcish Mines
 30766 | Orc:2    | Noticed Saint Roka
 30782 | Orc:2    | Reached XP level 20. HP: 163/164 MP: 29/29
 30805 | Orc:2    | Killed Saint Roka
 30924 | Orc:2    | Found a staircase to the Elven Halls.
 31235 | Orc:2    | Found Tayss's Distillery.
 31235 | Orc:2    | Found Wafa's Antique Armour Boutique.
 31237 | Orc:2    | Found Cocw's Magic Scroll Shop.
 31239 | Orc:2    | Found Tixeude's General Store.
 31243 | Orc:2    | Bought a potion of heal wounds for 60 gold pieces
 31243 | Orc:2    | Bought a potion of curing for 36 gold pieces
 31246 | Orc:2    | Bought a scroll of revelation for 97 gold pieces
 31461 | Elf:1    | Entered Level 1 of the Elven Halls
 31474 | Elf:1    | Received a gift from Okawaru
 31750 | Elf:1    | Reached skill level 19 in Fighting
 32063 | Elf:1    | Identified the +6 war axe of Outrage {venom, rN+}
 32252 | Elf:2    | Received a gift from Okawaru
 32439 | Elf:2    | Found a runed translucent gate.
 32439 | Elf:2    | Found a runed translucent gate.
 32440 | Elf:2    | Found a runed translucent gate.
 32456 | Elf:2    | Reached skill level 15 in Dodging
 32719 | Elf:3    | Entered Level 3 of the Elven Halls
 32863 | Elf:3    | Received a gift from Okawaru
 33439 | Elf:3    | Reached skill level 20 in Fighting
 33513 | Elf:3    | Received a gift from Okawaru
 33563 | Elf:3    | Identified the +5 war axe of the Thing {speed, rF+ rC+}
 33563 | Elf:3    | Identified the +0 robe "Vizoebry" {rElec Regen+ Int-4}
 33571 | Elf:3    | Reached XP level 21. HP: 166/183 MP: 28/30
 33594 | Elf:3    | Identified the staff "Anekupeent" {rElec rF+ Int+4 Dex+4
                  | Fire}
 33680 | Elf:3    | Identified the staff "Demonbane" {rF+ rN+ rCorr Int+3
                  | Necro}
 33681 | Elf:3    | Identified the +1 triple crossbow "Momuureg" {flame, rC+++
                  | rCorr Str-4 Stlth-}
 34075 | Elf:3    | Identified the amulet "Bezaw" {RegenMP rN++ Will+ Int+3
                  | Dex-5}
 34079 | Elf:3    | Got the Volume of Snowing Relocation
 34081 | Elf:3    | Identified the ring of Secrets {Fly Str+4 Dex+3 Slay+3}
 34291 | Elf:3    | Identified the +8 falchion of Xiosuinu {spect, rC++}
 34458 | Elf:3    | Found Veixuros's Magic Scroll Shoppe.
 34467 | Elf:3    | Bought a scroll of revelation for 75 gold pieces
 34692 | Elf:1    | Upgraded the game from 0.32-a0-391-gce5c0aab1b to
                  | 0.32-a0-411-g744942f433
 34913 | Vaults:1 | Entered Level 1 of the Vaults
 35028 | Vaults:1 | Received a gift from Okawaru
 35161 | Vaults:1 | Found a crumbling gateway.
 35176 | Desolati | Entered the Desolation of Salt
 35409 | Desolati | Identified the +6 orcbow of Prudence {elec, Int+3 Dex+2}
 35461 | Desolati | Identified the +0 plate armour of Shadows and Fog {rElec
                  | rCorr Str-3 Dex+6}
 35463 | Desolati | Got Rut Pima's Lessons on the Tectonic Gift
 35465 | Desolati | Got Sif Muna's Opusculum on Snow-white Phantasms
 35469 | Desolati | Got Sif Muna's Folio of the Displaced Barrage
 35684 | Desolati | Identified the +6 battleaxe "Ikhlyon" {heavy, ^Contam Int+3
                  | SInv Stlth+}
 35687 | Desolati | Got the Octavo of Black Mysteries and Breccia
 36065 | Desolati | Received a gift from Okawaru
 36135 | Desolati | Got the Catalogue of the Arsenical Torch
 36137 | Desolati | Identified the ring "Lufentef" {Will+ Int+5}
 36248 | Desolati | Identified the +1 dagger of Regicide {freeze, Dex+4}
 36851 | Vaults:1 | Received a gift from Okawaru
 37029 | Vaults:1 | Reached XP level 22. HP: 190/190 MP: 31/31
 37587 | Vaults:2 | Found a runed translucent door.
 37839 | Vaults:2 | Reached skill level 15 in Armour
 37973 | Vaults:2 | Received a gift from Okawaru
 38499 | Vaults:2 | Found Ceasm's Weapon Shop.
 38960 | Vaults:2 | Reached skill level 15 in Shields
 39448 | Vaults:3 | Found a staircase to the Crypt.
 39461 | Vaults:3 | Noticed Zenata
 39461 | Vaults:3 | Noticed Mennas
 39474 | Vaults:3 | Killed Mennas
 39484 | Vaults:3 | Killed Zenata
 39772 | Vaults:3 | Received a gift from Okawaru
 39908 | Vaults:3 | Reached skill level 15 in Invocations
 40053 | Vaults:3 | Reached XP level 23. HP: 145/198 MP: 25/34
 40688 | Vaults:4 | Reached skill level 21 in Fighting
 40911 | Vaults:4 | Received a gift from Okawaru
 41368 | Vaults:4 | Received a gift from Okawaru
 42175 | Depths:1 | Entered Level 1 of the Depths
 42307 | Depths:1 | Upgraded the game from 0.32-a0-411-g744942f433 to
                  | 0.32-a0-422-g28b100f618
 42330 | Depths:1 | Reached XP level 24. HP: 181/208 MP: 31/34
 42426 | Depths:1 | Acquired 1330 gold pieces
 42539 | Depths:1 | Received a gift from Okawaru
 42808 | Depths:1 | Found a gateway to Hell.
 43768 | Depths:2 | Noticed a golden dragon
 43788 | Depths:2 | Killed a golden dragon
 43788 | Depths:2 | Received a gift from Okawaru
 44273 | Depths:2 | Found a one-way gate leading to the halls of Pandemonium.
 44319 | Depths:2 | Noticed Bai Suzhen
 44331 | Depths:2 | Killed Bai Suzhen
 44856 | Depths:3 | Received a gift from Okawaru
 45105 | Depths:3 | Found a one-way gate to the infinite horrors of the Abyss.
 45636 | Depths:3 | Identified the staff of Lyubop {rC+ rN+ rCorr Str-3 Ice
                  | Alchemy}
 45849 | Depths:3 | Identified the staff "Qecaanedgh" {rElec rF+++ Dex-4 Ice
                  | Air}
 46149 | Depths:3 | Upgraded the game from 0.32-a0-422-g28b100f618 to
                  | 0.32-a0-913-g739538afd8
 46259 | Depths:3 | Received a gift from Okawaru
 46346 | Depths:3 | Reached XP level 25. HP: 216/216 MP: 34/34
 46461 | Depths:3 | Found a one-way gateway to a ziggurat.
 46587 | Depths:3 | Quit the game

Illustrated notes

Levels and vault maps discovered:
D:1:      nicolae_arrival_washed_ashore, layout_basic, lexackson_kobold_supper
D:2:      layout_basic, uniq_robin
D:3:      corexii_shack_village, layout_loops_corners, serial_shops,
          nicolae_shop_back_alley_shop, minmay_misc_feat_cross, minmay_bisected,
          uniq_sigmund
D:4:      layout_basic, minmay_temple_entry_proselytizer, serial_corexii_hall,
          corexii_hall_statues_i, corexii_hall_statues_u,
          chequers_hall_statues_corner_a, corexii_hall_statues_i,
          minmay_misc_feat_tiny, serial_bayou_pond_e, kennysheep_generic_room_5
D:5:      layout_loops_ring, nicolae_shop_overcharged_wands, uniq_menkaure
D:6:      layout_gridville, jmf_multi_god_temple, uniq_maggie, uniq_jeremiah
D:7:      layout_loops_ring, enter_bailey_5, hangedman_abyss_or_decor_passed,
          st_stairs_5, kennysheep_potato
D:8:      layout_loops_corners, mainiacjoe_overflow_two_lobes,
          mainiacjoe_overflow_boulevard, lair_entry_dummy
D:9:      layout_cave_pods, amcnicky_altar_gilded, erik_orc_1,
          gammafunk_ghost_hydra_chop
D:10:     layout_loops_corners, gammafunk_ghost_cemetery,
          minmay_misc_feat_plants, nicolae_houndstooth_variations
D:11:     layout_cross, serial_shops, bzr_entry_islet,
          nicolae_phantomly_mirrored
D:12:     minmay_connected_triangles_in_corner, layout_irregular_city,
          uniq_nessos
D:13:     layout_basic, grunt_vaults_entry_fortified, elyvilon_altar_5,
          uniq_snorg
D:14:     layout_basic, serial_bayou_pond_e
D:15:     grunt_enter_depths_hoard, layout_basic, grunt_decor_junction,
          trove_entry_hex_spiral
Temple:   regret_index_temple_sphere_string
Lair:1:   wad_woods_minihive, layout_long_grid, gammafunk_ghost_ooze
Lair:2:   minmay_lair_oklob_tunnel, layout_hall_layers,
          elwin_shoals_entry_rooms, spider_nest_entry_a, gammafunk_ghost_split
Lair:3:   layout_layer_cave, gammafunk_ghost_arena, basic_altar,
          serial_bayou_shore_b
Lair:4:   regret_index_combs_of_tragedy, layout_regular_city, uniq_rupert,
          uniq_kirke, uniq_urug
Lair:5:   grunt_lair_end_beastmaster, layout_big_grid, slime_entry_1,
          serial_bayou_shore_a
Shoals:1: layout_shoals
Shoals:2: layout_shoals, uniq_roxanne, uniq_ilsuiw
Shoals:3: dreamdust_from_the_deep, layout_shoals
Shoals:4: shoals_end_simple, layout_shoals, nicolae_shoals_dead_sea_scrolls
Spider:1: layout_chambers, guppyfry_hornet_nest
Spider:2: layout_chambers, uniq_arachne
Spider:3: layout_spider_delve
Spider:4: grunt_spider_rune_circles, hangedman_spider_tarantella_strand
Orc:1:    layout_caves, hellmonk_ghost_happy_afterlife, uniq_jorgrun, uniq_erica
Orc:2:    st_orc_rangers, layout_caves, uniq_saint_roka
Elf:1:    minmay_elf_arrival_summoners, layout_gridlike,
          kennysheep_underground_church
Elf:2:    elven_hall_of_blades_hangedman_original [nooodl_blade_entry_preview],
          layout_rooms, uniq_agnes
Elf:3:    grunt_elf_hall_branching, layout_onion_city, serial_shops,
          nicolae_shop_hallway_plus
Vaults:1: portal_desolation_entry_salt, nicolae_vaults_variable_pillar_hall,
          vaults_dpeg_emergency_exit, nicolae_vaults_network_quinsquares
          [nicolae_vaults_network_quincunx_subvault,
          nicolae_vaults_network_quincunx_subvault,
          nicolae_vaults_network_quincunx_subvault,
          nicolae_vaults_network_quincunx_subvault], grunt_vaults_funnel,
          nicolae_vaults_turnstiles, dpeg_vaults_monster_box,
          nicolae_vaults_closet_pinwheel_4, nicolae_vaults_tetromino_T_2,
          nicolae_vaults_little_squares_5, nicolae_vaults_closet_pinwheel_5,
          vaults_room_stairs_pillars, layout_vaults_omnigrid
Vaults:2: v_rooms_5, nicolae_vaults_tetromino_T_1,
          vaults_room_grunt_arrival_checkpoint, v_misc_30,
          nicolae_vaults_oozy_zoo, nicolae_vaults_cochlea,
          ontoclasm_vaults_tryst, vaults_dpeg_spiral, vaults_room_door_ring,
          v_alt_pattern_4, v_rooms_1, nicolae_vaults_weapon_check,
          nicolae_vaults_border_crossing, nicolae_vaults_tetromino_T_1,
          layout_vaults_ring, serial_shops, nicolae_shop_bloodbath_and_beyond
Vaults:3: grunt_vaults_twisty, vaults_room_octagon,
          nicolae_vaults_oval_intersection, nicolae_vaults_shrinking_rooms_1,
          v_misc_18, nicolae_vaults_storage_closets_3,
          nicolae_vaults_more_shelving_2, blue_anna_dwarven_crypt,
          vaults_mumra_hex, ontoclasm_vaults_ligature,
          nicolae_vaults_trapezoid_4, layout_vaults_omnibox, uniq_zenata,
          uniq_mennas
Vaults:4: nicolae_vaults_asterisk, hangedman_vaults_restitches,
          hangedman_vaults_slither, st_greater_box_4,
          nicolae_vaults_storage_closets_2, nicolae_vaults_diamond_2,
          nicolae_vaults_tangram_1, layout_vaults_chaotic_city
Depths:1: layout_basic, hellmouth_1, nrook_loot_triangle,
          hangedman_research_thanatology
Depths:2: minmay_containers, layout_gridville, corexii_leaking_fountain,
          grunt_pan_entry_spiral, pf_coc_iceberg, uniq_bai_suzhen
Depths:3: hangedman_crystal_crosses_colossus [crystal_crosses_arms_four,
          crystal_crosses_arms_four, crystal_crosses_arms_one], abyss_entry,
          hell_entry

Skill      XL: |  1  2  3  4  5  6  7  8  9 10 11 12 13 14 15 16 17 18 19 20 21 22 23 24 25 |
---------------+----------------------------------------------------------------------------+-----
Ranged Weapons | 3 4 5 6 7 9 10 12 13 14 16 17 18 | 18.0
Fighting       | 2 3 5 7 8 10 12 13 14 16 18 20 21 | 21.8
Hexes          | 4 |  4.2
Dodging        | 2 4 5 6 8 9 10 11 13 14 15 17 19 20 | 20.0
Invocations    | 3 5 6 8 9 10 11 12 13 15 | 15.0
Evocations     | 2 5 8 10 11 | 11.5
Armour         | 3 5 6 8 9 13 16 17 | 17.0
Shields        | 3 10 11 14 16 18 20 | 20.0
Spellcasting   | |  1.1
Fire Magic     | |  1.0

Action                     |  1- 3 |  4- 6 |  7- 9 | 10-12 | 13-15 | 16-18 | 19-21 | 22-24 | 25-27 || total
---------------------------+-------+-------+-------+-------+-------+-------+-------+-------+-------++-------
  Melee: Sling             |       |     4 |       |       |       |       |       |       |       ||     4
         Dagger            |       |       |    55 |    68 |       |       |       |       |       ||   123
   Fire: Sling             |    79 |   190 |   214 |       |       |       |       |    12 |       ||   495
         Orcbow            |       |       |    20 |   949 |   292 |       |       |       |       ||  1261
         Arbalest          |       |       |       |       |   581 |   988 |  1321 |  1372 |    44 ||  4306
         Triple crossbow   |       |       |       |       |       |       |       |     4 |       ||     4
   Cast: Jinxbite          |    10 |    18 |    19 |     3 |       |       |       |       |       ||    50
 Invoke: Heroism           |       |       |     1 |     2 |     4 |    10 |     9 |     8 |       ||    34
         Receive Weapon    |       |       |       |       |     1 |       |       |       |       ||     1
         Receive Armour    |       |       |       |       |     1 |       |       |       |       ||     1
         Finesse           |       |       |       |       |       |     1 |     1 |     2 |       ||     4
Ability: Dig               |       |       |       |     7 |    11 |     3 |     5 |     1 |       ||    27
  Evoke: Wand              |       |       |     8 |     4 |     8 |     4 |     1 |     4 |       ||    29
         Condenser vane    |       |       |       |       |       |     3 |       |     1 |       ||     4
    Use: Scroll            |     1 |     3 |     3 |     8 |    13 |     2 |     3 |     1 |       ||    34
         Potion            |       |       |       |       |     3 |       |     3 |     1 |       ||     7
 Armour: Robe              |    11 |    41 |    52 |       |       |       |       |       |       ||   104
         Ring mail         |       |       |    60 |   400 |   187 |   227 |   240 |   169 |     1 ||  1284
         Acid dragon scale |       |       |       |       |    10 |       |       |       |       ||    10
  Dodge: Dodged            |    10 |    38 |   126 |   509 |   302 |   309 |   551 |   288 |     3 ||  2136
  Block: Buckler           |       |       |       |    10 |    73 |       |       |       |       ||    83
         Kite shield       |       |       |       |       |   386 |   628 |  1037 |   231 |       ||  2282
         Tower shield      |       |       |       |       |       |       |       |   952 |    20 ||   972

Table legend: (Time is in decaauts)
 A = Elapsed time spent in this place.
 B = Non-inter-level travel time spent in this place.
 C = Inter-level travel time spent in this place.
 D = Time resting spent in this place.
 E = Time spent auto-exploring this place.
 F = Levels seen in this place.
 G = Mean time per level.
                   A        B        C        D        E       F      G
               +--------+--------+--------+--------+--------+-----+--------+
         Total |  47992 |  44809 |   3183 |   4403 |  27227 |  44 | 1090.7 |
       Dungeon |  15287 |  13739 |   1548 |    944 |   9569 |  15 | 1019.1 |
        Temple |     26 |     13 |     13 |      0 |      0 |   1 |   26.0 |
          Lair |   6839 |   6284 |    555 |    250 |   3855 |   5 | 1367.8 |
        Shoals |   3724 |   3529 |    195 |    468 |   1941 |   4 |  931.0 |
   Spider Nest |   5071 |   4946 |    125 |    585 |   3034 |   4 | 1267.8 |
  Orcish Mines |   1397 |   1314 |     83 |      7 |    999 |   2 |  698.5 |
   Elven Halls |   3328 |   3127 |    201 |    539 |   1563 |   3 | 1109.3 |
        Vaults |   6112 |   5837 |    275 |    676 |   3356 |   4 | 1528.0 |
        Depths |   4493 |   4310 |    183 |    575 |   2624 |   3 | 1497.7 |
        Bazaar |     54 |     54 |      0 |      0 |     18 |   1 |   54.0 |
        Bailey |    435 |    435 |      0 |     50 |     93 |   1 |  435.0 |
    Desolation |   1219 |   1219 |      0 |    306 |    174 |   1 | 1219.0 |
               +--------+--------+--------+--------+--------+-----+--------+

Top non-repeatable levels by time:
   Elf:3: 1946 daAuts
  Lair:1: 1681 daAuts
Depths:2: 1634 daAuts
Spider:2: 1626 daAuts
Vaults:2: 1596 daAuts
Depths:3: 1588 daAuts
     D:9: 1547 daAuts
Vaults:1: 1545 daAuts
Vaults:4: 1514 daAuts
  Lair:3: 1477 daAuts
  Lair:2: 1461 daAuts
Vaults:3: 1455 daAuts
     D:3: 1427 daAuts
Spider:4: 1377 daAuts
Spider:1: 1347 daAuts
